AoeStats
← Barón de la Cerveza

Arena

504851103Analyzed
1v1 RM · 27d ago on Sep 6, 2026· 51m 45s· 2 players
Game mode
Random Map
Map size
Tiny (2 player)
Population
200
Speed
Normal
Resources
Standard
Victory
Conquest
Starting age
Dark Age
Ending age
Imperial Age
RankedLock teamsTeams togetherTeam positionsShared explorationLock speedFull tech treeHidden civsTurbo modeCheats
Victory
Defeat
🇲🇽 Armenians · Mexico
1858
+24
🇪🇸 Khitans · Spain
2049
-24
Thomas Sankara
8:46 Feudal Age
9:17 Double-Bit Axe
9:13 Domestication
13:47 Wheelbarrow
14:35 Loom
17:19 Castle Age
15:33 Forging
16:20 Scale Barding Armor
17:27 Light Cavalry
19:28 Iron Casting
21:47 Bow Saw
23:08 Town Watch
24:31 Hand Cart
24:35 Pastoralism
29:54 Imperial Age
27:15 Stone Mining
27:18 Gold Mining
27:26 Treadmill Crane
28:11 Fletching
28:30 Husbandry
29:00 Bodkin Arrow
29:15 Padded Archer Armor
30:04 Ballistics
29:11 Elite Skirmisher
30:37 Leather Archer Armor
31:49 Chemistry
31:21 Bracer
32:38 Ring Archer Armor
33:22 Conscription
34:05 Chain Barding Armor
33:55 Hussar
35:26 Heavy Cavalry Archer
37:46 Plate Barding Armor
39:06 Thumb Ring
39:41 Scale Mail Armor
42:06 Parthian Tactics
46:38 Two-Man Saw
Barón de la Cerveza
10:59 Feudal Age
14:53 Castle Age
13:16 Horse Collar
13:43 Double-Bit Axe
20:43 Loom
23:31 Bow Saw
23:57 Town Watch
25:24 Wheelbarrow
29:43 Imperial Age
27:11 Pikeman
27:51 Squires
28:22 Fletching
29:03 Bodkin Arrow
29:23 Scale Mail Armor
30:42 Chain Mail Armor
30:28 Bracer
30:55 Conscription
32:29 Man-at-Arms
32:55 Gambesons
34:01 Ballistics
34:41 Chemistry
33:10 Long Swordsman
35:05 Plate Mail Armor
34:45 Forging
35:09 Two-Handed Swordsman
36:05 Heavy Plow
35:35 Onager
36:54 Hoardings
39:18 Iron Casting
40:01 Fereters
42:31 Champion
43:38 Padded Archer Armor
43:13 Halberdier
50:17 Gold Mining
50:18 Stone Mining
51:44 Leather Archer Armor
51:08 Crossbowman
Connection lost

Rejoining the realm…

Still unreachable

The connection could not be restored.

Session expired

The server has moved on; the page needs a fresh start.